 Dungeon Crawl Stone Soup version 0.30.0-17-ge0270778cf (webtiles) character file.

Game seed: 6421507235832661656

36 Heoruswealwe the Vexing (level 3, -4/20 HPs)
             Began as a Deep Elf Hexslinger on May 22, 2023.
             Slain by Terence
             ... wielding a +0 flail
              (9 damage)
             ... on level 2 of the Dungeon.
             The game lasted 00:21:51 (783 turns).

Heoruswealwe the Vexing (Deep Elf Hexslinger)        Turns: 783, Time: 00:21:53

Health: -4/20      AC:  2    Str:  7    XL:     3   Next: 19%
Magic:  5/8        EV: 13    Int: 17    God:
Gold:   39         SH:  0    Dex: 17    Spells: 2/6 levels left

rFire   . . .        a - +1 sling
rCold   . . .        (no shield)
rNeg    . . .        c - +0 robe
rPois   .            (no helmet)
rElec   .            (no cloak)
rCorr   .            (no gloves)
SInv    .            (no boots)
Will    .....        (no amulet)
Stlth   ++           (no ring)
HPRegen 0.23/turn    (no ring)
MPRegen 0.11/turn

%: no passive effects
@: no status effects
A: no striking features
a: no special abilities


You were on level 2 of the Dungeon.
You visited 1 branch of the dungeon, and saw 2 of its levels.

You collected 39 gold pieces.

Inventory:

Hand Weapons
 a - a +1 sling (weapon)
Armour
 c - a +0 robe (worn)
Scrolls
 b - a scroll of poison
 d - a scroll of teleportation {unknown}
 e - a scroll of identify {unknown}
 g - a scroll of fog {unknown}
 h - a scroll of magic mapping {unknown}
Potions
 f - 2 potions of curing {unknown}
 i - a potion of brilliance {unknown}


   Skills:
 + Level 1.2 Fighting
 + Level 3.2 Ranged Weapons
 - Level 2.4 Dodging
 + Level 1.4 Stealth
 + Level 2.3 Spellcasting
 + Level 4.3 Hexes


You had 2 spell levels left.
You knew the following spells:

 Your Spells              Type           Power      Damage    Failure   Level
a - Slow                  Hex            64%        N/A       3%          1
b - Inner Flame           Hex/Fire       9%         N/A       22%         3

Your spell library contained the following spells:

 Spells                   Type           Power      Damage    Failure   Level
 Portal Projectile        Hex/Tloc       18%        N/A       22%         3
 Cause Fear               Hex            8%         N/A       30%         4


Dungeon Overview and Level Annotations

Branches:
Dungeon (2/15)

Altars:

Annotations:
D:2 Sigmund, Terence


Message History

You shoot a sling bullet.
The sling bullet closely misses Terence.
The sling bullet closely misses the bat.
An adder comes into view.
You shoot a sling bullet. The sling bullet barely misses the bat.
The bat completely misses you. Terence hits you with a +0 flail!
Ouch! That really hurt!
Sigmund the Dreaded comes into view.
He is wielding a +3 scythe.
Terence attacks as you move away! Terence hits you with a +0 flail.
* * * LOW HITPOINT WARNING * * *
Terence attacks as you move away! Terence closely misses you. The bat hits you.
* * * LOW HITPOINT WARNING * * *
Terence shouts, "ATTACK!!!"
Terence attacks as you move away! Terence hits you with a +0 flail.
* * * LOW HITPOINT WARNING * * *
Fire: a) +1 sling
Press: ? - help, Q - select action, (/) - cycle Shift-Dir - straight line, f/p - bat
Aim: a bat (44% to hit)
You shoot a sling bullet.
The sling bullet hits Terence but does no damage.
Terence hits you but does no damage.
Fire: a) +1 sling
Press: ? - help, Q - select action, (/) - cycle Shift-Dir - straight line, f/p - bat
Aim: a bat (44% to hit)
You shoot a sling bullet. The sling bullet hits Terence.
Terence is lightly wounded.
Terence barely misses you.
Fire: a) +1 sling
Press: ? - help, Q - select action, (/) - cycle Shift-Dir - straight line, f/p - bat
Aim: a bat (44% to hit)
You shoot a sling bullet. The sling bullet hits Terence.
Terence is moderately wounded.
Terence closely misses you.
Fire: a) +1 sling
Press: ? - help, Q - select action, (/) - cycle Shift-Dir - straight line, f/p - bat
Aim: a bat (44% to hit)
You shoot a sling bullet. The sling bullet barely misses Terence.
The sling bullet misses the bat.
Terence hits you with a +0 flail!
You die...

# #### .###. #..
.....### #.# #
.......###<##### ##.
#####b@@......#
#..##....S###........
#.....#...#######....
..).#.#..# ...
#....##.....>.. .#
#.<# ......... .
.........#.........#
..................##
..........S.......#


You could see Terence, an adder and a bat.

Vanquished Creatures
  A dart slug (D:1)
  3 ball pythons (D:1)
  3 bats (D:1)
  4 endoplasms (D:1)
  2 giant cockroaches (D:1)
  4 goblins
  4 hobgoblins (D:1)
  2 jackals (D:1)
  A quokka (D:1)
  A frilled lizard (D:1)
  2 kobolds (D:1)
  A rat (D:1)
28 creatures vanquished.

Notes
Turn   | Place    | Note
-------+----------+-------------------------------------------
     0 | D:1      | Heoruswealwe the Deep Elf Hexslinger began the quest for
                  | the Orb.
     0 | D:1      | Reached XP level 1. HP: 11/11 MP: 5/5
   254 | D:1      | Reached skill level 1 in Fighting
   258 | D:1      | Reached XP level 2. HP: 8/16 MP: 4/6
   317 | D:1      | Reached skill level 1 in Stealth
   489 | D:1      | Reached XP level 3. HP: 20/20 MP: 8/8
   493 | D:1      | Learned a level 3 spell: Inner Flame
   739 | D:2      | Noticed Terence
   775 | D:2      | Noticed Sigmund
   783 | D:2      | Slain by Terence

Illustrated notes

Levels and vault maps discovered:
D:1:      scummos_arrival_simple_fountains, layout_loops_ring,
          minmay_misc_feat_tower, nicolae_concentric_dashed_squares_mild,
          minmay_misc_feat_four_crosses
D:2:      cheibrodos_greedy_goblins, layout_rooms,
          dreamdust_ecumenical_altar_grove, uniq_sigmund, uniq_terence

Skill      XL: |  1  2 |
---------------+-------+-----
Fighting       | 1 |  1.2
Ranged Weapons | 3 |  3.2
Stealth        | 1 |  1.4
Spellcasting   | 2 |  2.3
Dodging        | |  2.4
Hexes          | |  4.3

Action                     || total
---------------------------++-------
   Fire: Sling             ||    94
   Cast: Slow              ||     9
         Inner Flame       ||     1
 Armour: Robe              ||    15
  Dodge: Dodged            ||    41
